 Dungeon Crawl Stone Soup version 0.28-a0-1412-gf95308ed99 (webtiles) character file.

Game seed: 12462589549542916053

239 eustatius the Slasher (level 5, -1/46 HPs)
             Began as a Minotaur Berserker on Jan 7, 2022.
             Was a Believer of Trog.
             Slain by a gnoll (4 damage)
             ... on level 3 of the Dungeon.
             The game lasted 00:06:39 (2507 turns).

eustatius the Slasher (Minotaur Berserker)          Turns: 2507, Time: 00:06:40

Health: -1/46      AC:  9    Str: 24    XL:     5   Next: 79%
Magic:  4/4        EV: 11    Int:  4    God:    Trog [**....]
Gold:   93         SH:  0    Dex:  9    Spells: 4/4 levels left

rFire   + . .      SeeInvis .   a - +0 falchion
rCold   + + .      Faith    .   (no shield)
rNeg    . . .      Spirit   .   d - +0 ring mail
rPois   .          Reflect  .   (helmet restricted)
rElec   .          Harm     .   h - scarf {rC+ rF+}
rCorr   .          Rampage  .   (no gloves)
Will    .....                   (no boots)
Stlth   ..........              (no amulet)
HPRegen 0.15/turn               g - ring of protection from cold
MPRegen 0.09/turn               n - +4 ring of protection

@: very slow
A: horns 2, retaliatory headbutt
a: Renounce Religion, Berserk, Trog's Hand


You were on level 3 of the Dungeon.
You worshipped Trog.
Trog was pleased with you.
You visited 1 branch of the dungeon, and saw 3 of its levels.

You collected 93 gold pieces.

Inventory:

Hand Weapons
 a - a +0 falchion (weapon)
 k - a +1 dagger of speed
 o - a +1 vorpal hand axe
Missiles
 c - 21 poisoned darts (quivered)
Armour
 b - a +0 animal skin
 d - a +0 ring mail (worn)
 h - a scarf of resistance (worn)
Jewellery
 g - a ring of protection from cold (left hand)
 n - a +4 ring of protection (right hand)
Wands
 j - a wand of digging (1)
Scrolls
 e - a scroll of fear {unknown}
 i - a scroll of identify {unknown}
 l - a scroll of enchant armour {unknown}
 m - a scroll of vulnerability {unknown}
Potions
 f - a potion of brilliance {unknown}


   Skills:
 - Level 4.0 Fighting
 * Level 6.9 Long Blades
 + Level 3.9 Armour
 - Level 2.4 Dodging
 - Level 0.1 Stealth


You had 4 spell levels left.
You didn't know any spells.
Your spell library contained the following spells:

 Spells                   Type           Power      Damage    Failure   Level
 Sublimation of Blood     Necr           0%         N/A       78%         2
 Wereblood                Tmut           0%         N/A       78%         2
 Summon Hydra             Summ           0%         N/A       100%        7


Dungeon Overview and Level Annotations

Branches:
Dungeon (3/15)

Altars:

Shops:
D:1 (


Innate Abilities, Weirdness & Mutations

You have a pair of horns on your head.
You reflexively headbutt those who attack you in melee.


Message History

The gnoll completely misses you.
You slash the jackal!
You kill the jackal!
Trog accepts your kill. The gnoll hits you but does no damage.
The orc barely misses you. You furiously retaliate!
You headbutt the orc!
You kill the orc!
Trog accepts your kill. The gnoll misses you. You furiously retaliate!
You headbutt the gnoll.
Things that are here:
a +0 whip; a jackal corpse An orc comes into view.
It is wielding a +1 vorpal mace.
The orc shouts!
The gnoll misses you.
Things that are here:
a +0 club; an orc corpse You hit the orc.
The orc is almost dead.
The orc closely misses you.
A gnoll comes into view. It is wielding a +0 whip.
The gnoll completely misses you.
You slash the orc!
You kill the orc!
Trog accepts your kill. The gnoll hits you with a +0 halberd.
Found a dagger.
The gnoll hits you with a +0 halberd!
* * * LOW HITPOINT WARNING * * *
You see here a +0 whip.
The gnoll splashes around in the water.
You slash the gnoll!
You kill the gnoll!
Trog accepts your kill.
You hear a splash.
The gnoll hits you but does no damage.
You enter the shallow water.
Moving in this stuff is going to be slow.
The gnoll hits you with a +0 whip.
* * * LOW HITPOINT WARNING * * *
The gnoll hits you with a +0 whip.
You die...

#####.+## #
........####.###....##
...###...............#
#.........###..#...#.###.
#.......#................
........††...............
≈≈≈≈≈≈≈≈≈≈≈≈≈≈≈≈≈....≈≈≈≈
≈≈≈≈≈≈≈≈≈≈≈≈≈≈≈≈≈....≈≈≈≈
#####≈≈≈≈≈≈≈≈≈≈≈@o...≈≈≈≈
#.g.#..........))g.......
#...#############''''####
### #....#... )'....'...
..#....#... ############


You could see a gnoll and an orc.

Vanquished Creatures
  Terence (D:2)
  An orc wizard (D:3)
  Robin (D:2)
  5 adders
  3 gnolls
  3 worms (D:2)
  A dart slug (D:1)
  7 orcs (D:3)
  10 ball pythons
  3 bats
  6 endoplasms
  A giant cockroach (D:2)
  11 goblins
  10 hobgoblins
  9 jackals
  2 quokkas (D:1)
  2 frilled lizards
  4 kobolds
  4 rats (D:1)
84 creatures vanquished.

Notes
Turn   | Place    | Note
-------+----------+-------------------------------------------
     0 | D:1      | eustatius the Minotaur Berserker began the quest for the
                  | Orb.
     0 | D:1      | Reached XP level 1. HP: 19/19 MP: 0/0
   163 | D:1      | Reached XP level 2. HP: 22/27 MP: 1/1
   458 | D:1      | Reached skill level 4 in Long Blades
   507 | D:1      | Reached XP level 3. HP: 27/33 MP: 2/2
   672 | D:1      | Found Pilosuic's Antique Weapon Boutique.
  1336 | D:2      | Reached skill level 5 in Long Blades
  1336 | D:2      | Reached XP level 4. HP: 32/40 MP: 3/3
  1510 | D:2      | Noticed Robin
  1512 | D:2      | Reached ** piety under Trog
  1523 | D:2      | Killed Robin
  1868 | D:2      | Noticed Terence
  1906 | D:2      | Killed Terence
  1907 | D:2      | Reached skill level 6 in Long Blades
  1907 | D:2      | Reached XP level 5. HP: 40/46 MP: 4/4
  2507 | D:3      | Slain by a gnoll

Illustrated notes

Levels and vault maps discovered:
D:1:      erik_arrival_cave_to_civilisation [erik_arrival_cave_to_hall],
          layout_rooms, serial_shops, shop
D:2:      layout_loops_ring, st_stairs_10, minmay_door_square,
          chequers_serial_rivers_large_b, kennysheep_big_empty_room,
          roderic_roman_lattice, uniq_robin, uniq_terence
D:3:      lemuel_castle_with_subvaults [lemuel_castle_interior_carwin_1],
          layout_rooms, shapermc_ecumenical_altar_flowoftime,
          gup_sewer_entry_bowl

Skill      XL: |  1  2  3  4 |
---------------+-------------+-----
Fighting       | 4 |  4.0
Armour         | 3 |  3.9
Long Blades    | 4 5 6 |  6.9
Dodging        | |  2.4
Stealth        | |  0.1

Action                   |  1- 3 |  4- 6 || total
-------------------------+-------+-------++-------
Melee: Falchion          |    72 |    91 ||   163
       Headbutt          |    12 |    13 ||    25
       Punch             |       |     1 ||     1
Invok: Berserk           |     1 |       ||     1
Armor: Animal skin       |     8 |       ||     8
       Ring mail         |     4 |    43 ||    47
Dodge: Dodged            |    43 |    66 ||   109

Table legend: (Time is in decaauts)
 A = Elapsed time spent in this place.
 B = Non-inter-level travel time spent in this place.
 C = Inter-level travel time spent in this place.
 D = Time resting spent in this place.
 E = Time spent auto-exploring this place.
 F = Levels seen in this place.
 G = Mean time per level.
                   A        B        C        D        E       F      G
               +--------+--------+--------+--------+--------+-----+--------+
         Total |   2550 |   2150 |    400 |     13 |   1693 |   3 |  850.0 |
       Dungeon |   2550 |   2150 |    400 |     13 |   1693 |   3 |  850.0 |
               +--------+--------+--------+--------+--------+-----+--------+

Top non-repeatable levels by time:
     D:2: 1259 daAuts
     D:1: 1161 daAuts
     D:3: 129 daAuts
